 Dungeon Crawl Stone Soup version 0.28.0-43-g3370ac3207 (webtiles) character file.

Game seed: 4127716655748544585

1554 croobank the Chopper (level 8, -2/73 HPs)
             Began as a Hill Orc Fighter on Mar 21, 2022.
             Was an Initiate of Beogh.
             Slain by an orc warrior
             ... wielding a +0 hand axe
              (4 damage)
             ... on level 9 of the Dungeon.
             The game lasted 00:15:56 (4404 turns).

croobank the Chopper (Hill Orc Fighter)             Turns: 4404, Time: 00:15:56

Health: -2/73      AC: 28    Str: 21    XL:     8   Next: 88%
Magic:  0/0        EV:  3    Int: 12    God:    Beogh [......]
Gold:   238        SH:  0    Dex: 17    Spells: 7/7 levels left

rFire   . . .      SeeInvis +   a - +4 battleaxe of Focus {venom, rC+ rN+ MP-9 Dex+4}
rCold   + . .      Faith    .   (shield currently unavailable)
rNeg    + . .      Spirit   .   j - +6 crystal plate armour of Kumeov {Dex+3 SInv}
rPois   +          Reflect  .   (no helmet)
rElec   .          Harm     .   A - +0 cloak
rCorr   .          Rampage  .   g - +0 pair of gloves
Will    +....                   k - +0 pair of boots
Stlth   ..........              (no amulet)
HPRegen 0.22/turn               h - +6 ring of intelligence
MPRegen 0.07/turn               (no ring)

@: no status effects
A: dopey 1, strong-willed 1, poison resistance, no potion heal 1
a: Renounce Religion


You were on level 9 of the Dungeon.
You worshipped Beogh.
Beogh was noncommittal.
You visited 1 branch of the dungeon, and saw 7 of its levels.

You collected 238 gold pieces.

Inventory:

Hand Weapons
 a - the +4 battleaxe of Focus (weapon) {venom, rC+ rN+ MP-9 Dex+4}
   (You acquired it on level 2 of the Dungeon)

   It poisons the flesh of those it strikes.
   Dex:       It affects your dexterity (+4).
   rC:        It protects you from cold.
   rN:        It protects you from negative energy.
   MP:        It affects your magic capacity (-9).
 b - a +0 hunting sling
 d - a +2 great sword
 o - a +0 war axe
 w - a +2 dagger of holy wrath
 y - a +3 quarterstaff of chaos
Missiles
 e - 24 sling bullets
 f - 106 stones (quivered)
 n - 3 poisoned darts
 p - 2 boomerangs
 x - 20 arrows
Armour
 c - a +0 buckler
 g - a +0 pair of gloves (worn)
 j - the +6 crystal plate armour of Kumeov (worn) {Dex+3 SInv}
   (You acquired it on level 3 of the Dungeon)

   Dex:       It affects your dexterity (+3).
   SInv:      It lets you see invisible.
 k - a +0 pair of boots (worn)
 r - a +0 scale mail
 A - a +0 cloak (worn)
Jewellery
 h - a +6 ring of intelligence (left hand)
Scrolls
 q - 2 scrolls of fog
Potions
 s - a potion of magic


   Skills:
 + Level 7.4 Fighting
 + Level 7.5 Axes
 + Level 6.8 Armour
 + Level 6.7 Shields


You had 7 spell levels left.
You didn't know any spells.
Your spell library contained the following spells:

 Spells                   Type           Power      Damage    Failure   Level
 Animate Skeleton         Necr           0%         N/A       100%        1
 Apportation              Tloc           0%         N/A       100%        1
 Summon Small Mammal      Summ           0%         N/A       100%        1


Dungeon Overview and Level Annotations

Branches:
Dungeon (9/15)
 Temple: D:4-7         Lair: D:8-11         Orc: D:9-12

Altars:
Elyvilon
Wu Jian
Zin

Shops:
D:1 (   D:4 [(

Annotations:
D:8 Maurice
D:9 exclusion: ice statue


Innate Abilities, Weirdness & Mutations

You are dopey. (Int -2)
You are strong-willed. (Will+)
Your system is resistant to poisons. (rPois)
Potions are less effective at restoring your health.


Message History

You feel sick.
The killer bee stings you but does no damage.
You feel sick.
The orc wizard hits you but does no damage.
The killer bee stings you but does no damage.
You slice the killer bee!!
You kill the killer bee!
Beogh accepts your kill.
You barely miss the orc wizard. You hit the gnoll.
The gnoll is poisoned.
You feel sick.
The orc wizard hits you but does no damage.
The gnoll hits you but does no damage. x2
You slice the gnoll!!
You kill the gnoll!
Beogh accepts your kill.
You hit the orc wizard but do no damage.
The orc wizard is poisoned.
You slash the gnoll!
The gnoll looks as sick as possible!
You feel sick.
You are no longer poisoned.
You kill the gnoll!
Beogh accepts your kill. The orc wizard barely misses you.
The gnoll sergeant hits you but does no damage.
The orc warrior barely misses you.
The orc wizard hits you but does no damage.
You closely miss the orc warrior. You closely miss the orc wizard.
You closely miss the orc. The orc hits you but does no damage.
The gnoll sergeant hits you from afar with a +2 spear of venom.
* * * LOW HITPOINT WARNING * * *
The orc warrior hits you with a +0 hand axe!
* * * LOW HITPOINT WARNING * * *
The orc wizard gestures at you while chanting.
The puff of flame hits you but does no damage.
The orc hits you but does no damage.
You barely miss the orc warrior. You closely miss the orc.
You closely miss the orc wizard.
The gnoll sergeant hits you but does no damage.
The orc warrior hits you with a +0 hand axe.
You die...
Beogh appreciates the orc warrior's killing of a heretic priest.

##########
###.....go@#
........oo#
..###....).gg#
............#
8#..(.....#
.8#.<.....#
..!..8.##.####
.?8(.#. #.#
..:. 8. #.#


You could see an orc warrior, a gnoll sergeant, an orc wizard (invisible, very
poisoned), 2 gnolls and an orc.

Vanquished Creatures
  Joseph (D:8)
  The ghost of bnorton916 the Chiller, an amateur BaIE (D:3)
  A black bear (D:4)
  An ogre (D:4)
  2 necrophages (D:5)
  2 phantoms (D:5)
  A scorpion (D:5)
  3 killer bees
  3 wights (D:8)
  A hound (D:4)
  Crazy Yiuf (D:4)
  2 centaur skeletons
  2 iguanas (D:5)
  A hound skeleton (D:4)
  2 gnolls (D:9)
  2 adders
  An ufetubus (D:4)
  2 worms (D:3)
  2 dart slugs (D:1)
  7 orcs
  11 bats
  4 endoplasms
  2 giant cockroaches
  5 goblins
  8 hobgoblins
  4 jackals (D:5)
  4 quokkas
  4 ball pythons
  6 frilled lizards
  6 kobolds
  4 rats
96 creatures vanquished.

Vanquished Creatures (others)
  2 orcs (D:8)
2 creatures vanquished.

Grand Total: 98 creatures vanquished

Notes
Turn   | Place    | Note
-------+----------+-------------------------------------------
     0 | D:1      | croobank the Hill Orc Fighter began the quest for the Orb.
     0 | D:1      | Reached XP level 1. HP: 19/19 MP: 1/1
   135 | D:1      | Found a faded altar of an unknown god.
   149 | D:1      | Reached XP level 2. HP: 27/27 MP: 2/2
   646 | D:1      | Found Wuwofuh's Weapon Shoppe.
   655 | D:1      | Reached XP level 3. HP: 32/33 MP: 3/3
  1215 | D:2      | Identified 2 scrolls of acquirement
  1215 | D:2      | Acquired the +4 battleaxe of Focus {venom, rC+ rN+ MP-9
                  | Dex+4}
  1672 | D:3      | Reached XP level 4. HP: 36/40 MP: 0/4
  1884 | D:3      | Found a runed translucent door.
  1918 | D:3      | Noticed bnorton916's ghost (amateur BaIE)
  1974 | D:3      | Gained mutation: You are covered in fur. (AC +1) [potion of
                  | mutation]
  1974 | D:3      | Gained mutation: You are resistant to electric shocks.
                  | (rElec) [potion of mutation]
  1980 | D:3      | Killed bnorton916's ghost
  1981 | D:3      | Reached XP level 5. HP: 21/47 MP: 0/5
  2181 | D:3      | Found a glowing silver altar of Zin.
  2648 | D:3      | Acquired the +6 crystal plate armour of Kumeov {Dex+3 SInv}
  2699 | D:4      | Reached skill level 5 in Fighting
  2699 | D:4      | Reached XP level 6. HP: 51/56 MP: 0/6
  2732 | D:4      | Found Vucuk's Antique Weapon Shoppe.
  3220 | D:4      | Found an ornate altar of the Wu Jian Council.
  3239 | D:4      | Noticed a black bear
  3247 | D:4      | Killed a black bear
  3248 | D:4      | Reached skill level 5 in Axes
  3252 | D:4      | Reached skill level 5 in Armour
  3252 | D:4      | Reached skill level 5 in Shields
  3252 | D:4      | Reached XP level 7. HP: 26/61 MP: 0/7
  3547 | D:4      | Found Dateumo's Antique Armour Boutique.
  3613 | D:4      | Found a runed translucent door.
  3614 | D:4      | Noticed Crazy Yiuf
  3619 | D:4      | Killed Crazy Yiuf
  3742 | D:4      | Found a white marble altar of Elyvilon.
  3798 | D:5      | Entered Level 5 of the Dungeon
  3969 | D:5      | Reached XP level 8. HP: 65/71 MP: 0/8
  4069 | D:5      | You fall into a shaft and drop 3 floors!
  4080 | D:8      | Noticed Joseph
  4094 | D:8      | Became a worshipper of Beogh the Brigand
  4103 | D:8      | Killed Joseph
  4359 | D:8      | Noticed Maurice
  4388 | D:9      | Noticed an ice statue
  4397 | D:9      | Lost mutation: You are resistant to electric shocks.
                  | (rElec) [potion of mutation]
  4397 | D:9      | Lost mutation: You are covered in fur. (AC +1) [potion of
                  | mutation]
  4397 | D:9      | Gained mutation: You are dopey. (Int -2) [potion of
                  | mutation]
  4397 | D:9      | Gained mutation: You are strong-willed. (Will+) [potion of
                  | mutation]
  4397 | D:9      | Gained mutation: Potions are less effective at restoring
                  | your health. [potion of mutation]
  4397 | D:9      | Gained mutation: Your system is resistant to poisons.
                  | (rPois) [potion of mutation]
  4403 | D:9      | HP: 2/73 [orc warrior/+0 hand axe (9)]
  4404 | D:9      | Slain by an orc warrior

Illustrated notes

Levels and vault maps discovered:
D:1:      heliophobic_arrival_henge, layout_loops_ring, serial_shops, shop,
          ebering_ecumenical_altar_abandoned, minmay_misc_feat_tiny,
          minmay_misc_feat_enclosed, corexii_corridor_pit, minmay_cupped
D:2:      layout_loops_ring
D:3:      layout_basic, lemuel_coloured_pillars_altar,
          ebering_ghost_reflecting_pool
D:4:      layout_loops_corners, mainiacjoe_overflow_boulevard,
          kennysheep_mini_moat, serial_shops, shop, minmay_shop_grid_forest,
          kennysheep_generic_room_10, uniq_crazy_yiuf_cottage
D:5:      layout_rooms, ebering_ghost_sewer_d, grunt_decor_arrowhead
D:8:      layout_basic, uniq_maurice, uniq_joseph
D:9:      layout_rooms, lemuel_round_altar, general_overflow_altar,
          lair_entry_dummy, minmay_statue_bubble

Skill      XL: |  1  2  3  4  5  6  7  8 |
---------------+-------------------------+-----
Axes           | 3 4 5 6 7 |  7.5
Fighting       | 4 5 6 7 |  7.4
Armour         | 4 5 6 |  6.8
Shields        | 4 5 6 |  6.7

Action                   |  1- 3 |  4- 6 |  7- 9 || total
-------------------------+-------+-------+-------++-------
Melee: War axe           |   108 |       |       ||   108
       Battleaxe         |    18 |    64 |    70 ||   152
Invok: Convert to Beogh  |       |       |     1 ||     1
  Use: Scroll            |     1 |     4 |     6 ||    11
       Potion            |       |     3 |     5 ||     8
Armor: Scale mail        |    96 |    21 |       ||   117
       Crystal plate arm |       |    27 |   131 ||   158
Dodge: Dodged            |    58 |    20 |    18 ||    96
Block: Buckler           |    29 |       |       ||    29
